 Dungeon Crawl Stone Soup version 0.31-a0-219-g8d62b2e7bb (webtiles) character file.

Game seed: 7913794823927148865

1595 Ge0ff the Conjurer (level 8, -3/63 (67) HPs)
             Began as an Armataur Reaver on July 3, 2023.
             Was an Initiate of Ashenzari.
             Slain by a wight
             ... wielding a +6 great sword
              (11 damage)
             ... on level 6 of the Dungeon.
             The game lasted 00:17:42 (6294 turns).

Ge0ff the Conjurer (Armataur Reaver)                Turns: 6294, Time: 00:17:43

HP:   -3/63 (67)    AC:  6    Str: 19    XL:     8   Next: 62%
MP:   12/12         EV:  9    Int: 15    God:    Ashenzari [......]
Gold: 207           SH:  0    Dex:  8    Spells: 7/13 levels left

rFire   . . .        b - +0 arbalest
rCold   . . .        (shield currently unavailable)
rNeg    . . .        Y - +0 leather armour
rPois   .            W - +0 helmet
rElec   .            (no cloak)
rCorr   .            o - +0 pair of gloves
SInv    .            (no barding)
Will    +....        (no amulet)
Stlth   ++           I - ring of willpower
HPRegen 0.30/turn    U - +4 ring of slaying {=R}
MPRegen 0.13/turn

%: roll
@: about to teleport, drained
A: large, rugged brown scales 3, deformed body, armoured tail, roll, long
tongue, awkward tongue, mutation resistance 1, no potion heal 1, sturdy frame 1
a: Renounce Religion


You were on level 6 of the Dungeon.
You worshipped Ashenzari.
Ashenzari was noncommittal.
You visited 2 branches of the dungeon, and saw 7 of its levels.

You collected 207 gold pieces.

Inventory:

Hand Weapons
 a - a +0 mace
 b - a +0 arbalest (weapon)
 h - the +3 rapier "Beast's Curse" {heavy, Str+2}
   (You found it on level 5 of the Dungeon)

   Str:       It affects your strength (+2).
Missiles
 d - 23 stones
 v - 3 curare-tipped darts {=F}
 N - 5 poisoned darts
 S - 5 boomerangs
Armour
 n - the +1 robe of Submission {rElec Int-4 Archmagi}
   (You found it on level 2 of the Dungeon)

   Int:       It affects your intelligence (-4).
   rElec:     It insulates you from electricity.
   Archmagi:  It increases the power of your magical spells.
 o - a +0 pair of gloves (worn)
 r - a +0 ring mail
 H - a +0 buckler
 W - a +0 helmet (worn)
 Y - a +0 leather armour (worn)
Magical Staves
 j - a staff of air
 Q - a staff of fire
Jewellery
 c - a ring of positive energy
 I - a ring of willpower (left hand)
 U - a +4 ring of slaying (right hand) {=R}
Wands
 s - a wand of mindburst (11)
 P - a wand of polymorph (3)
Scrolls
 l - a scroll of fog {unknown}
 m - a scroll of immolation {unknown}
 G - a scroll of fear {unknown}
 J - a scroll of amnesia {unknown}
 K - a scroll of vulnerability {unknown}
 L - a scroll of brand weapon {unknown}
 R - a scroll of enchant weapon {unknown}
 T - 3 scrolls of teleportation
 Z - a scroll of revelation {unknown}
Potions
 u - a potion of mutation {!q}
 M - a potion of might
 O - a potion of haste {unknown}
 V - 2 potions of heal wounds {unknown}
 X - 3 potions of enlightenment {!q}


   Skills:
 - Level 3.0 Fighting
 - Level 5.0 Maces & Flails
 - Level 1.0 Ranged Weapons
 - Level 1.0 Throwing
 - Level 1.0 Armour
 - Level 1.3 Dodging
 - Level 2.0 Stealth
 - Level 3.0 Spellcasting
 * Level 6.0 Conjurations
 * Level 5.2 Transmutations
 - Level 1.0 Evocations


You had 7 spell levels left.
You knew the following spells:

 Your Spells              Type           Power      Damage    Failure   Level
e - Irradiate             Conj/Tmut      9%         3d14      50%         5
E - Kiss of Death         Conj/Necr      44%        2d8       6%          1

Your spell library contained the following spells:

 Spells                   Type           Power      Damage    Failure   Level
 Momentum Strike          Conj/Tloc      22%        3d8       9%          2
 Hailstorm                Conj/Ice       11%        3d5       19%         3
 Apportation              Tloc           4%         N/A       21%         1
 Sublimation of Blood     Necr           2%         N/A       30%         2
 Petrify                  Tmut/Erth      10%        N/A       56%         4
 Alistair's Intoxication  Tmut/Pois      6%         N/A       89%         5
 Passage of Golubria      Tloc           2%         N/A       90%         4
 Silence                  Hex/Air        1%         N/A       99%         5
 Lehudib's Crystal Spear  Conj/Erth      5%         10d3      100%        8


Dungeon Overview and Level Annotations

Branches:
Dungeon (6/15) Zot: 26007  Temple (1/1) D:6 Zot: 5979

Altars:
Ashenzari
Cheibriados
Dithmenos
Elyvilon
Fedhas
Gozag
Hepliaklqana
Kikubaaqudgha
Makhleb
Qazlal
Ru
Sif Muna
Trog
Uskayaw
Vehumet
Wu Jian
Yredelemnul
Zin
The Shining One

Annotations:
D:5 exclusion: water moccasin


Innate Abilities, Weirdness & Mutations

You are completely covered in rugged brown scales. (AC +3, +7% HP)
Armour fits poorly on your strangely shaped body.
You have a long armoured tail.
You roll when moving toward enemies. (Rampage)
Your long tongue fully drains potion bottles. (2x potion effects)
Your tongue gives you trouble enunciating. (1.5x scroll delay)
You are somewhat resistant to further mutation.
Potions are less effective at restoring your health.
Your movements are slightly less encumbered by armour. (ER -2)


Message History

Okay, then.
Fire: b) +0 arbalest
Press: ? - help, Q - select action, (/) - cycle Shift-Dir - straight line, f/p - wight
Aim: a wight, wielding a +4 dagger and wearing a +0 robe (54% to hit)
You shoot a bolt. The bolt hits the wight.
You destroy the wight!
The wight hits you with a +4 dagger.
Fire: b) +0 arbalest
Press: ? - help, Q - select action, (/) - cycle Shift-Dir - straight line, f - wight, p - wight
Aim: a wight, wielding a staff of conjuration and wearing a +0 ring mail (58% to hit)
You shoot a bolt. The bolt closely misses the wight. x2
The bolt hits the wight!
You destroy the wight!
The wight hits you with a +4 dagger. The wight hits you with a +4 dagger!
Your life force feels restored.
Your Transmutations skill increases to level 5!
The wight attacks as you move away! The wight hits you with a +4 dagger.
You feel drained. The wight attacks as you move away!
The wight hits you with a +4 dagger.
You feel drained.
Fire: b) +0 arbalest
Press: ? - help, Q - select action, (/) - cycle Shift-Dir - straight line, f - wight
Aim: a wight, wielding a +0 morningstar and wearing a +0 robe (54% to hit)
You shoot a bolt. The bolt hits the wight!
The wight is heavily damaged.
The wight hits you with a +4 dagger!
You feel drained. The wight barely misses you.
Fire: b) +0 arbalest
Press: ? - help, Q - select action, (/) - cycle Shift-Dir - straight line, f/p - wight
Aim: a wight, wielding a +0 morningstar and wearing a +0 robe (54% to hit)
You shoot a bolt. The bolt hits the wight!
You destroy the wight!
The wight barely misses you.
Your Conjurations skill increases to level 6!
Fire: b) +0 arbalest
Press: ? - help, Q - select action, (/) - cycle Shift-Dir - straight line, f/p - wight
Aim: a wight, wielding a +0 morningstar and wearing a +0 robe (54% to hit)
You shoot a bolt.
The bolt hits the wight but does no damage.
The wight hits you with a +6 great sword!
* * * LOW HITPOINT WARNING * * *
You feel drained.
* * * LOW HITPOINT WARNING * * *
The wight hits you with a +6 great sword!
* * * LOW HITPOINT WARNING * * *
As you slowly read the scroll of teleportation, it crumbles to dust.
You feel strangely unstable.
The wight hits you with a +6 great sword!
You die...

# #....#........#.#.......# #
#..##>.....#..#.#.......# #
###.......>.....#.#.......#####
###............[....#...........#
##...###........z)|..............
.†.#.# #........##...............
.###.# ##......####.....)<.......
## #.# #.......##................
# #.# #......zz@._.##...........
#.# #.......##...##...........
#.# ##......###.####..†.......
... .......####..#............
..#.... #.........#.....#
..........z........#######
.....###.........)# .....
#..........# ######.....#


You could see 2 wights.

Vanquished Creatures
  Duvessa (D:4)
  A black bear (D:6)
  2 ogres (D:5)
  A phantom (D:6)
  2 bullfrogs
  5 scorpions
  3 wights (D:6)
  Dowan (D:4)
  A howler monkey (D:4)
  2 hounds
  A jelly (D:6)
  A gnoll bouda (D:3)
  4 iguanas
  Jessica (D:3)
  Ijyb (D:2)
  Robin (D:4)
  3 gnolls (D:3)
  6 adders
  A shadow imp (D:5)
  A white imp (D:5)
  An ufetubus (D:5)
  2 worms (D:4)
  A dart slug (D:2)
  2 orcs
  5 ball pythons
  9 bats
  9 endoplasms
  3 giant cockroaches
  21 goblins
  11 hobgoblins
  4 quokkas
  2 frilled lizards (D:1)
  5 kobolds
  2 rats
116 creatures vanquished.

Notes
Turn   | Place    | Note
-------+----------+-------------------------------------------
     0 | D:1      | Ge0ff the Armataur Reaver began the quest for the Orb.
     0 | D:1      | Reached XP level 1. HP: 18/18 MP: 3/3
   184 | D:1      | Reached skill level 1 in Stealth
   184 | D:1      | Reached XP level 2. HP: 25/25 MP: 4/4
   912 | D:2      | Reached XP level 3. HP: 15/31 MP: 5/5
  1051 | D:2      | Found a glowing silver altar of Zin.
  1471 | D:2      | Identified the +1 robe of Submission {rElec Int-4 Archmagi}
  1500 | D:2      | Reached XP level 4. HP: 38/38 MP: 6/6
  2367 | D:3      | Found a white marble altar of Elyvilon.
  2369 | D:3      | Found a shadowy altar of Dithmenos.
  2418 | D:3      | Found a sacrificial altar of Ru.
  2548 | D:3      | Reached XP level 5. HP: 35/48 MP: 7/7
  2661 | D:3      | Noticed Jessica
  2667 | D:3      | Killed Jessica
  2763 | D:3      | Noticed Ijyb
  2772 | D:2      | Paralysed by Ijyb for 2 turns
  2776 | D:2      | Paralysed by Ijyb for 4 turns
  2781 | D:2      | Killed Ijyb
  3270 | D:4      | Gained mutation: You are partially covered in iridescent
                  | scales. (AC +2) [potion of mutation]
  3270 | D:4      | Gained mutation: Potions are less effective at restoring
                  | your health. [potion of mutation]
  3270 | D:4      | Gained mutation: You occasionally shout uncontrollably at
                  | your foes. [potion of mutation]
  3270 | D:4      | Gained mutation: You are clumsy. (Dex -2) [potion of
                  | mutation]
  3270 | D:4      | Gained mutation: Your body sometimes deteriorates upon
                  | taking damage. [potion of mutation]
  3270 | D:4      | Gained mutation: You are robust. (+10% HP) [potion of
                  | mutation]
  3270 | D:4      | Gained mutation: Your spells are a little harder to cast,
                  | but a little more powerful. [potion of mutation]
  3274 | D:4      | Reached skill level 5 in Maces & Flails
  3274 | D:4      | Reached skill level 1 in Evocations
  3274 | D:4      | Reached skill level 1 in Armour
  3274 | D:4      | Reached XP level 6. HP: 24/59 MP: 8/8
  3339 | D:4      | Lost mutation: You are partially covered in iridescent
                  | scales. (AC +2) [potion of mutation]
  3339 | D:4      | Lost mutation: You are robust. (+10% HP) [potion of
                  | mutation]
  3339 | D:4      | Lost mutation: Your body sometimes deteriorates upon taking
                  | damage. [potion of mutation]
  3339 | D:4      | Lost mutation: Your spells are a little harder to cast, but
                  | a little more powerful. [potion of mutation]
  3339 | D:4      | Lost mutation: You are clumsy. (Dex -2) [potion of
                  | mutation]
  3339 | D:4      | Lost mutation: You occasionally shout uncontrollably at
                  | your foes. [potion of mutation]
  3339 | D:4      | Gained mutation: You are somewhat resistant to further
                  | mutation. [potion of mutation]
  3339 | D:4      | Gained mutation: Your movements are slightly less
                  | encumbered by armour. (ER -2) [potion of mutation]
  3382 | D:4      | Learned a level 5 spell: Irradiate
  3628 | D:4      | Reached skill level 1 in Ranged Weapons
  3628 | D:4      | Reached skill level 3 in Conjurations
  3650 | D:4      | Noticed Robin
  3671 | D:4      | Killed Robin
  3672 | D:4      | Reached skill level 1 in Transmutations
  3922 | D:4      | Noticed Duvessa
  3931 | D:4      | Killed Duvessa
  3931 | D:4      | Noticed Dowan
  3950 | D:4      | Killed Dowan
  3951 | D:4      | Reached XP level 7. HP: 19/60 MP: 10/10
  4418 | D:5      | Entered Level 5 of the Dungeon
  4431 | D:5      | Identified the +3 rapier "Beast's Curse" {heavy, Str+2}
  4534 | D:5      | Reached skill level 4 in Conjurations
  4578 | D:5      | Reached skill level 1 in Throwing
  4837 | D:5      | Reached XP level 8. HP: 43/67 MP: 12/12
  5343 | D:6      | Reached skill level 5 in Conjurations
  5546 | D:6      | Found a staircase to the Ecumenical Temple.
  5551 | Temple   | Entered the Ecumenical Temple
  5557 | Temple   | Became a worshipper of Ashenzari the Shackled
  6251 | D:6      | Found a bloodstained altar of Trog.
  6287 | D:6      | Reached skill level 5 in Transmutations
  6293 | D:6      | Reached skill level 6 in Conjurations
  6294 | D:6      | Slain by a wight

Illustrated notes

Levels and vault maps discovered:
D:1:      dpeg_arrival_renting, layout_basic, chequers_serial_rivers_small_3,
          minivault_24, minmay_misc_feat_four_crosses
D:2:      layout_basic, basic_altar
D:3:      kennysheep_the_goblin_king, layout_loops_corners,
          mainiacjoe_overflow_small_starburst,
          chequers_temple_overflow_statue_of_worship, uniq_jessica
D:4:      layout_loops_ring, uniq_duvessa, uniq_robin
D:5:      layout_gridville
D:6:      layout_rooms, trog_three_pillars_becter, minmay_temple_entry_grid,
          serial_bayou_pond_e, kennysheep_donut
Temple:   hellmonk_temple_two_chambers

Skill      XL: |  1  2  3  4  5  6  7  8 |
---------------+-------------------------+-----
Maces & Flails | 3 4 5 |  5.0
Fighting       | 2 3 |  3.0
Stealth        | 1 2 |  2.0
Evocations     | 1 |  1.0
Armour         | 1 |  1.0
Ranged Weapons | 1 |  1.0
Conjurations   | 3 4 6 |  6.0
Transmutations | 2 3 5 |  5.2
Spellcasting   | 2 3 |  3.0
Throwing       | 1 |  1.0
Dodging        | |  1.3

Action                     |  1- 3 |  4- 6 |  7- 9 || total
---------------------------+-------+-------+-------++-------
  Melee: Mace              |    83 |    52 |       ||   135
         Tailslap          |     3 |     5 |       ||     8
         Punch             |     1 |     1 |       ||     2
         Unarmed           |       |     6 |       ||     6
   Fire: Arbalest          |       |   119 |    91 ||   210
  Throw: Dart              |     7 |       |     1 ||     8
         Stone             |     5 |     7 |       ||    12
  Evoke: Wand              |       |     1 |       ||     1
    Use: Scroll            |       |     4 |     1 ||     5
         Potion            |       |     6 |       ||     6
 Armour: Leather armour    |    46 |    60 |    12 ||   118
         Skin              |       |     4 |       ||     4
  Dodge: Dodged            |    36 |    56 |    25 ||   117

Table legend: (Time is in decaauts)
 A = Elapsed time spent in this place.
 B = Non-inter-level travel time spent in this place.
 C = Inter-level travel time spent in this place.
 D = Time resting spent in this place.
 E = Time spent auto-exploring this place.
 F = Levels seen in this place.
 G = Mean time per level.
                   A        B        C        D        E       F      G
               +--------+--------+--------+--------+--------+-----+--------+
         Total |   6498 |   6269 |    229 |   1030 |   3498 |   7 |  928.3 |
       Dungeon |   6477 |   6248 |    229 |   1030 |   3490 |   6 | 1079.5 |
        Temple |     20 |     20 |      0 |      0 |      8 |   1 |   20.0 |
               +--------+--------+--------+--------+--------+-----+--------+

Top non-repeatable levels by time:
     D:3: 1367 daAuts
     D:4: 1269 daAuts
     D:6: 991 daAuts
     D:2: 984 daAuts
     D:5: 935 daAuts
     D:1: 928 daAuts
  Temple: 20 daAuts
